Map: Oceanborn LE

Players

Trigonometry - Winner!

  • Race: Zerg Zerg
  • League: Diamond
  • Spawn Location: 11:00

ICE

  • Race: Protoss Protoss
  • Spawn Location: 5:00

VOD

Have the link to the VOD?

Description

Time

  • Played on: Oct. 18, 2023, 9:11 a.m.
  • Length: 14:51
Show
View Real Time Build Order
Export as new Build Order

Trigonometry Zerg - Winner!

Build Orders: Hatch First 

Get SALT Encoding   

  12  0:01  Drone  
  13  0:13  Overlord  
  13  0:18  Drone  
  14  0:31  Drone x2  
  16  0:53  Hatchery  
  16  0:56  Drone  
  16  1:01  Drone  
  17  1:12  Drone  
  17  1:15  Extractor  
  17  1:20  Extractor  
  16  1:25  Spawning Pool  
  16  1:30  Drone x2  
  16  1:32  Drone  
  18  1:40  Drone  
  19  1:51  Drone  
  20  2:02  Overlord  
  20  2:12  Queen x2  
  20  2:14  Drone x2  
  26  2:32  Hatchery  
  25  2:37  Metabolic Boost  
  25  2:41  Zergling x2  
  25  2:43  Zergling x2  
  27  2:51  Queen  
  27  2:55  Drone  
  27  2:58  Drone  
  31  3:05  Overlord  
  31  3:09  Overlord  
  31  3:12  Drone  
  32  3:17  Drone  
  32  3:18  Drone  
  35  3:20  Drone  
  35  3:28  Drone  
  35  3:29  Drone x2  
  35  3:33  Drone x2  
  40  3:35  Drone  
  40  3:39  Drone  
  40  3:40  Drone  
  43  3:44  Drone x2  
  44  3:50  Queen  
  44  3:55  Queen  
  48  4:05  Drone x2  
  48  4:06  Drone x3  
  53  4:13  Overlord x2  
  53  4:14  Drone x2  
  53  4:15  Drone  
  56  4:23  Overlord  
  56  4:25  Overlord  
  56  4:31  Queen  
  56  4:34  Overlord  
  56  4:37  Drone x5  
  56  4:38  Drone x2  
  65  4:45  Lair  
  65  4:49  Drone x5  
  70  4:55  Queen  
  72  5:00  Overlord x2  
  72  5:06  Spore Crawler  
  71  5:07  Extractor x2  
  71  5:09  Drone x4  
  74  5:14  Drone  
  74  5:16  Drone  
  74  5:17  Roach Warren  
  74  5:18  Extractor x2  
  74  5:19  Queen  
  74  5:20  Evolution Chamber  
  73  5:24  Overlord x2  
  73  5:25  Drone x4  
  73  5:26  Drone  
  73  5:27  Extractor  
  73  5:28  Drone  
  77  5:32  Spore Crawler  
  77  5:34  Drone x2  
  78  5:37  Drone x2  
  80  5:43  Overseer  
  80  5:48  Drone x2  
  80  5:49  Zerg Missile Weapons Level 1  
  82  5:59  Glial Reconstitution  
  82  6:02  Roach x9  
  100  6:12  Roach x2  
  100  6:13  Overlord x4  
  100  6:16  Pneumatized Carapace  
  104  6:19  Roach  
  106  6:27  Overseer  
  106  6:28  Overlord x4  
  106  6:32  Drone  
  107  6:33  Hydralisk Den  
  107  6:37  Roach x4  
  107  6:38  Evolution Chamber  
  113  6:42  Drone  
  113  6:43  Drone  
  115  6:48  Overseer  
  115  6:53  Roach x7  
  129  6:55  Ravager x3  
  129  6:58  Roach x2  
  134  7:06  Roach x2  
  138  7:10  Roach  
  140  7:18  Roach  
  140  7:19  Roach x4  
  150  7:23  Roach x3  
  150  7:26  Roach  
  158  7:30  Overlord x2  
  158  7:40  Overlord  
  158  7:41  Overlord  
  158  7:47  Hatchery  
  158  7:48  Queen  
  158  7:50  Roach x5  
  137  8:20  Roach x8  
  137  8:21  Roach x5  
  143  8:30  Roach  
  143  8:31  Roach x2  
  133  8:39  Zerg Missile Weapons Level 2  
  119  8:42  Roach x4  
  119  8:47  Roach x2  
  119  8:48  Ravager x9  
  134  8:57  Roach x3  
  140  9:05  Roach  
  139  9:12  Roach x3  
  139  9:13  Roach x2  
  149  9:18  Hatchery  
  149  9:19  Roach x2  
  149  9:23  Roach  
  149  9:24  Roach x4  
  162  9:25  Overlord x2  
  137  9:43  Roach x3  
  137  9:44  Roach x5  
  139  9:53  Roach  
  139  9:54  Roach  
  127  10:03  Roach x3  
  123  10:14  Ravager  
  123  10:15  Ravager x6  
  123  10:20  Roach x10  
  150  10:22  Zergling x2  
  150  10:27  Roach  
  129  10:46  Roach x13  
  135  10:53  Roach x2  
  133  11:01  Roach  
  133  11:02  Queen  
  137  11:07  Roach x9  
  128  11:21  Roach x9  
  144  11:29  Roach x3  
  150  11:35  Roach  
  152  11:45  Roach x6  
  152  11:46  Roach x5  
  154  11:59  Roach x6  
  146  12:11  Roach  
  146  12:12  Roach x9  
  166  12:21  Ravager x4  
  166  12:22  Zergling x2  
  171  12:23  Zergling x10  
  171  12:29  Roach, Overlord  
  178  12:39  Roach x3  
  178  12:40  Roach x2  
  171  12:52  Roach x9  
  180  13:06  Roach x6  
  173  13:15  Roach x4  
  173  13:16  Roach x4  
  167  13:24  Roach x5  
  157  13:37  Roach x5  
  138  13:47  Roach  
  138  13:48  Roach  
  126  14:03  Roach  
  126  14:04  Roach x4  
  134  14:24  Ravager x2  
  134  14:25  Ravager  
  134  14:26  Zergling x18  
Show
View Real Time Build Order
Export as new Build Order

ICE Protoss 

Build Orders: Nexus First, Archon Immortal 

Get SALT Encoding   

  12  0:00  Probe (Chrono Boost)  
  13  0:09  Probe (Chrono Boost)  
  14  0:14  Probe (Chrono Boost)  
  15  0:49  Nexus  
  15  1:01  Pylon  
  15  1:12  Assimilator  
  15  1:19  Probe (Chrono Boost)  
  16  1:26  Gateway  
  16  1:31  Probe (Chrono Boost)  
  17  1:36  Probe (Chrono Boost)  
  18  1:44  Forge  
  18  1:45  Probe  
  19  1:52  Assimilator  
  19  2:00  Probe (Chrono Boost)  
  21  2:02  Probe (Chrono Boost)  
  21  2:10  Probe (Chrono Boost)  
  21  2:12  Probe (Chrono Boost)  
  21  2:15  Probe (Chrono Boost)  
  23  2:18  Cybernetics Core  
  23  2:22  Cybernetics Core  
  24  2:28  Probe (Chrono Boost)  
  24  2:29  Probe (Chrono Boost)  
  26  2:39  Probe (Chrono Boost)  
  26  2:41  Probe (Chrono Boost)  
  28  2:44  Probe (Chrono Boost)  
  28  2:48  Zealot  
  28  2:50  Probe  
  32  2:55  Probe  
  32  2:58  Stargate  
  33  3:05  Photon Cannon  
  33  3:09  Probe x2 (Chrono Boost)  
  35  3:19  Probe x2 (Chrono Boost)  
  37  3:21  Warp Gate  
  37  3:26  Probe (Chrono Boost)  
  38  3:32  Pylon  
  38  3:45  Assimilator  
  38  3:50  Probe x2, Stalker  
  46  3:55  Void Ray (Chrono Boost)  
  46  4:03  Nexus  
  46  4:06  Pylon  
  46  4:16  Protoss Ground Weapons Level 1  
  46  4:22  Twilight Council  
  48  4:24  Probe x2  
  48  4:26  Pylon  
  48  4:36  Probe x2  
  50  4:48  Probe x2  
  52  4:59  Robotics Facility  
  52  5:00  Nexus, Probe x2  
  52  5:01  Pylon  
  52  5:02  Pylon  
  52  5:05  Pylon  
  54  5:12  Probe  
  55  5:14  Probe  
  55  5:15  Probe  
  55  5:20  Charge (Chrono Boost), Pylon  
  57  5:24  Probe, Pylon  
  57  5:27  Assimilator, Probe x2  
  60  5:36  Probe  
  60  5:38  Pylon  
  60  5:39  Probe  
  60  5:40  Probe  
  63  5:48  Gateway  
  63  5:51  Gateway  
  63  5:53  Gateway  
  63  5:54  Templar Archives, Probe  
  63  5:56  Gateway  
  64  5:58  Observer (Chrono Boost)  
  64  6:00  Probe  
  64  6:03  Probe  
  67  6:11  Immortal (Chrono Boost)  
  67  6:12  Gateway  
  67  6:13  Gateway  
  67  6:16  Gateway  
  71  6:21  Probe x2  
  73  6:30  Gateway  
  73  6:31  Gateway  
  73  6:34  Probe x2  
  73  6:36  Gateway x2  
  73  6:38  Assimilator  
  75  6:42  Assimilator  
  75  6:52  Zealot  
  75  6:53  Immortal (Chrono Boost)  
  75  6:54  Probe  
  82  7:01  Probe x2  
  83  7:04  Probe  
  83  7:07  Protoss Ground Weapons Level 2 (Chrono Boost), Assimilator  
  85  7:09  Assimilator  
  85  7:12  Pylon  
  85  7:19  Immortal (Chrono Boost), Probe x2  
  91  7:25  Stalker  
  91  7:26  Stalker x2  
  97  7:37  High Templar x4  
  97  7:38  High Templar x2  
  97  7:39  High Templar  
  97  7:40  Zealot  
  97  7:41  Zealot  
  97  7:42  Archon x2  
  97  7:43  Archon  
  115  7:53  High Templar  
  115  7:54  Zealot  
  115  7:55  Zealot, Immortal  
  121  8:02  Zealot, Archon  
  121  8:03  Zealot  
  121  8:14  Zealot x5  
  121  8:15  Zealot x3  
  117  8:24  Zealot x3  
  111  8:27  Void Ray  
  111  8:31  Zealot, Immortal (Chrono Boost)  
  103  8:37  Probe  
  103  8:40  Probe x3  
  105  8:45  Zealot x3  
  105  8:46  High Templar x4  
  119  9:01  Nexus  
  119  9:02  Pylon  
  111  9:11  High Templar x2  
  111  9:12  High Templar, Zealot  
  111  9:13  Zealot x4  
  121  9:19  Archon  
  121  9:21  Zealot x4  
  129  9:25  Archon  
  129  9:26  Archon  
  119  9:31  Immortal (Chrono Boost)  
  109  9:43  Zealot x3  
  109  9:45  Zealot  
  109  9:48  Zealot  
  109  9:56  Zealot x3  
  109  9:59  Probe x3  
  100  10:02  Immortal (Chrono Boost)  
  100  10:03  Probe  
  100  10:05  High Templar x3  
  104  10:11  Probe  
  104  10:12  High Templar  
  104  10:13  Zealot x2  
  105  10:17  Archon  
  105  10:18  Archon  
  105  10:22  Zealot x3  
  105  10:24  Zealot  
  105  10:25  Probe  
  114  10:32  Zealot  
  114  10:33  Zealot x2  
  118  10:35  Immortal (Chrono Boost)  
  118  10:41  Probe x2  
  110  10:43  Probe x2  
  110  10:44  Probe  
  109  10:53  Probe x2  
  109  10:55  Probe x2  
  109  10:56  Probe  
  111  10:59  High Templar x5  
  111  11:01  Zealot  
  123  11:04  Archon x2  
  123  11:05  Probe x2  
  123  11:10  Immortal  
  119  11:16  Probe x2  
  119  11:25  Zealot x4  
  123  11:30  Zealot x2  
  131  11:45  Zealot x3  
  131  11:46  Zealot x4  
  143  11:49  Immortal  
  143  11:52  Zealot x2  
  143  11:53  Zealot x3  
  133  12:06  Nexus  
  133  12:10  High Templar x2  
  133  12:11  High Templar x3  
  133  12:13  High Templar  
  133  12:15  Zealot x2  
  149  12:17  Archon x2  
  149  12:19  Archon  
  149  12:27  Zealot x2  
  149  12:28  Zealot x2  
  161  12:30  Probe  
  156  12:49  Zealot x2  
  156  12:50  Zealot x6  
  156  12:51  Zealot x4  
  117  13:14  Zealot x3  
  117  13:15  Zealot x4, High Templar x2  
  117  13:16  High Templar x3  
  130  13:20  Archon  
  119  13:35  High Templar x3  
  119  13:36  High Templar x2  
  119  13:37  Zealot x2  
  119  13:38  Archon  
  119  13:41  Archon  
  100  13:48  High Templar x2  
  100  13:49  Zealot  
  100  13:50  Zealot x2, Archon  
  100  13:51  Archon  
  100  13:52  Archon  
  90  14:03  Probe  
  90  14:04  Probe  
  90  14:09  Zealot x2  
  96  14:10  Zealot x4  
  102  14:31  Pylon  
  102  14:32  Pylon  
  102  14:37  Pylon  
  102  14:38  Pylon  
Tags
 
Add a new tag
Caveats
  • Supply blocks, unpowered buildings, or Contaminate may cause inaccurate times.
  • Supply counts are checked every 10 seconds.